| TOP OF THE 1ST |
|
South Bend Cubs batting - Pitching for Lakewood BlueClaws : RHP Manny Cordova
|
|
Pitching: RHP Manny Cordova
|
|
|
Batting: RHB Leonardo Nava
|
0-0: Hit by Pitch
|
|
Batting: LHB Mark Huey
|
0-0: Called Strike 0-1: DOUBLE (Line Drive, 9LS, EV 95.6 MPH) Leonardo Nava to third Runner from 3rd tries for Home, SAFE, no throw by RF
|
|
Batting: RHB Jose Balderrama
|
0-0: Ball 1-0: Ball 2-0: Fly out, F9 (Flyball, 89S, EV 88.1 MPH)
|
|
Batting: LHB Angel Oropeza
|
0-0: Ball 1-0: Ball 2-0: Called Strike 2-1: Ball 3-1: Base on Balls
|
|
Batting: SHB Gabriel Cruz
|
0-0: Ball Mark Huey steals 3rd, throwing error, E2 Mark Huey scores Angel Oropeza to third 1-0: Swinging Strike 1-1: Ball 2-1: Foul Ball, location: 2F 2-2: Strikes out swinging
|
|
Batting: RHB Armando Vilano
|
0-0: Ground out U3 (Groundball, 3, EV 84.4 MPH)
|
| Top of the 1st over - 2 runs, 1 hit, 1 error, 1 left on base; South Bend 2 - Lakewood 0 |
| BOTTOM OF THE 1ST |
|
Lakewood BlueClaws batting - Pitching for South Bend Cubs : RHP Nicolai Volnov
|
|
Pitching: RHP Nicolai Volnov
|
|
|
Batting: RHB Joe Hewitt
|
0-0: Foul Ball, location: 2F 0-1: Foul Ball, location: 2F 0-2: Ground out 5-3 (Groundball, 56S, EV 84.4 MPH)
|
|
Batting: RHB Mark Schultz
|
0-0: Called Strike 0-1: Ball 1-1: Foul Ball, location: 2F 1-2: Fly out, F8 (Flyball, 8RD, EV 93.1 MPH)
|
|
Batting: RHB Victor Arroyo
|
0-0: Ball 1-0: Called Strike 1-1: Called Strike 1-2: SINGLE (Groundball, 6MD, EV 110.0 MPH)
|
|
Batting: RHB Carlos Morejon
|
0-0: Foul Ball, location: 2F 0-1: Called Strike 0-2: Ball 1-2: Ball 2-2: Strikes out swinging
|
| Bottom of the 1st over - 0 runs, 1 hit, 0 errors, 1 left on base; South Bend 2 - Lakewood 0 |
| TOP OF THE 2ND |
|
South Bend Cubs batting - Pitching for Lakewood BlueClaws : RHP Manny Cordova
|
|
Batting: RHB Brad Santanello
|
0-0: Ball 1-0: Ball 2-0: Ground out 4-3 (Groundball, 4, EV 88.8 MPH)
|
|
Batting: LHB Wing-tat Tai
|
0-0: SINGLE (Groundball, 34D, EV 111.2 MPH)
|
|
Batting: SHB Benoît Morin
|
0-0: Ball 1-0: Called Strike 1-1: DOUBLE (Groundball, 3L, EV 108.1 MPH) Wing-tat Tai to third
|
|
Batting: RHB Leonardo Nava
|
0-0: Fly out, F7 (Flyball, 7LS, EV 93.8 MPH)
|
|
Batting: LHB Mark Huey
|
0-0: Swinging Strike 0-1: Called Strike 0-2: Strikes out swinging
|
| Top of the 2nd over - 0 runs, 2 hits, 0 errors, 2 left on base; South Bend 2 - Lakewood 0 |
| BOTTOM OF THE 2ND |
|
Lakewood BlueClaws batting - Pitching for South Bend Cubs : RHP Nicolai Volnov
|
|
Batting: LHB Alex Fernandez
|
0-0: Ball 1-0: Ball 2-0: Ball 3-0: Base on Balls
|
|
Batting: RHB Roberto Ruiz
|
0-0: Foul Ball, location: 2F 0-1: Foul Ball, location: 2F 0-2: Ball 1-2: DOUBLE (Line Drive, 5D, EV 94.4 MPH) Alex Fernandez to third
|
|
Batting: RHB Pablo Lopez
|
0-0: Ball 1-0: Ball 2-0: Ball 3-0: Base on Balls
|
|
Batting: RHB Vaclav Been
|
0-0: Called Strike 0-1: Foul Ball, location: 2F 0-2: Fly out, F8 (Flyball, 8LD, EV 103.1 MPH) Runner from 3rd tags up, SCORES, throw by CF Roberto Ruiz to third
|
|
Batting: RHB Frank Shelton
|
0-0: Fly out, F6 (Line Drive, 6D, EV 73.8 MPH) Lined into DP, 6-5 (Line Drive, 6D, EV 68.8 MPH)
|
| Bottom of the 2nd over - 1 run, 1 hit, 0 errors, 1 left on base; South Bend 2 - Lakewood 1 |
| TOP OF THE 3RD |
|
South Bend Cubs batting - Pitching for Lakewood BlueClaws : RHP Manny Cordova
|
|
Batting: RHB Jose Balderrama
|
0-0: Swinging Strike 0-1: Ball 1-1: Ball 2-1: Ball 3-1: Base on Balls
|
|
Batting: LHB Angel Oropeza
|
0-0: Called Strike Jose Balderrama steals 2nd base 0-1: Fly out, F9 (Flyball, 89D, EV 99.4 MPH) Runner from 2nd tags up, SAFE at 3rd, no throw by RF
|
|
Batting: SHB Gabriel Cruz
|
0-0: Foul Ball, location: 2F 0-1: Foul Ball, location: 2F 0-2: Foul Ball, location: 2F 0-2: SINGLE (Line Drive, 6D, EV 98.8 MPH) Jose Balderrama scores
|
|
Batting: RHB Armando Vilano
|
0-0: Ball 1-0: Called Strike Gabriel Cruz steals 2nd base (no throw) 1-1: SINGLE (Groundball, 56D, EV 108.1 MPH) Gabriel Cruz to third Runner from 3rd tries for Home, SAFE, throw by LF to home
|
|
Batting: RHB Brad Santanello
|
0-0: Fly out, F7 (Line Drive, 78M, EV 99.4 MPH)
|
|
Batting: LHB Wing-tat Tai
|
0-0: Ball 1-0: Called Strike Armando Vilano is caught stealing 2nd base 2-6
|
| Top of the 3rd over - 2 runs, 2 hits, 0 errors, 0 left on base; South Bend 4 - Lakewood 1 |
| BOTTOM OF THE 3RD |
|
Lakewood BlueClaws batting - Pitching for South Bend Cubs : RHP Nicolai Volnov
|
|
Batting: RHB Joe Hewitt
|
0-0: Ball 1-0: Fly out, F8 (Flyball, 89D, EV 92.5 MPH)
|
|
Batting: RHB Mark Schultz
|
0-0: Called Strike 0-1: Ground out 6-3 (Groundball, 6, EV 111.2 MPH)
|
|
Batting: RHB Victor Arroyo
|
0-0: Foul Ball, location: 2F 0-1: Swinging Strike 0-2: Ball 1-2: Foul Ball, location: 2F 1-2: Strikes out swinging
|
| Bottom of the 3rd over - 0 runs, 0 hits, 0 errors, 0 left on base; South Bend 4 - Lakewood 1 |
| TOP OF THE 4TH |
|
South Bend Cubs batting - Pitching for Lakewood BlueClaws : RHP Manny Cordova
|
|
Batting: LHB Wing-tat Tai
|
0-0: Ground out 5-3 (Groundball, 56, EV 75.6 MPH)
|
|
Batting: SHB Benoît Morin
|
0-0: Ball 1-0: Ground out 4-3 (Groundball, 4, EV 90.6 MPH)
|
|
Batting: RHB Leonardo Nava
|
0-0: Ball 1-0: Foul Ball, location: 2F 1-1: Foul Ball, location: 2F 1-2: SINGLE (Line Drive, 6MD, EV 98.8 MPH)
|
|
Batting: LHB Mark Huey
|
0-0: Ball 1-0: Called Strike 1-1: Foul Ball, location: 2F 1-2: Foul Ball, location: 2F 1-2: Fly out, F8 (Line Drive, 78M, EV 97.5 MPH)
|
| Top of the 4th over - 0 runs, 1 hit, 0 errors, 1 left on base; South Bend 4 - Lakewood 1 |
| BOTTOM OF THE 4TH |
|
Lakewood BlueClaws batting - Pitching for South Bend Cubs : RHP Nicolai Volnov
|
|
Batting: RHB Carlos Morejon
|
0-0: Ball 1-0: Ball 2-0: Ball 3-0: Base on Balls
|
|
Batting: LHB Alex Fernandez
|
0-0: Ball 1-0: Grounds out, U3 (Groundball, 3L, EV 103.8 MPH)
|
|
Batting: RHB Roberto Ruiz
|
0-0: Called Strike 0-1: Foul Ball, location: 2F 0-2: Fly out, F8 (Flyball, 8RXD, EV 86.9 MPH) Runner from 2nd tags up, SAFE at 3rd, no throw by CF
|
|
Batting: RHB Pablo Lopez
|
0-0: Ball 1-0: Ball 2-0: Ground out 4-3 (Groundball, 4, EV 97.5 MPH)
|
| Bottom of the 4th over - 0 runs, 0 hits, 0 errors, 1 left on base; South Bend 4 - Lakewood 1 |
| TOP OF THE 5TH |
|
South Bend Cubs batting - Pitching for Lakewood BlueClaws : RHP Manny Cordova
|
|
Batting: RHB Jose Balderrama
|
0-0: Foul Ball, location: 2F 0-1: Called Strike 0-2: Ball 1-2: Foul Ball, location: 2F 1-2: Ground out U3 (Groundball, 34S, EV 90.6 MPH)
|
|
Batting: LHB Angel Oropeza
|
0-0: Ball 1-0: Called Strike 1-1: Foul Ball, location: 2F 1-2: SINGLE (Flyball, 89S, EV 90.0 MPH)
|
|
Batting: SHB Gabriel Cruz
|
0-0: Ball 1-0: Ball 2-0: Ball 3-0: Called Strike 3-1: Foul Ball, location: 2F 3-2: Grounds into double play, 4-6-3 (Groundball, 34, EV 81.2 MPH)
|
| Top of the 5th over - 0 runs, 1 hit, 0 errors, 0 left on base; South Bend 4 - Lakewood 1 |
| BOTTOM OF THE 5TH |
|
Lakewood BlueClaws batting - Pitching for South Bend Cubs : RHP Nicolai Volnov
|
|
Batting: RHB Vaclav Been
|
0-0: Ball 1-0: Foul Ball, location: 2F 1-1: Ball 2-1: Called Strike 2-2: Foul Ball, location: 2F 2-2: Fly out, F8 (Flyball, 8LXD, EV 101.2 MPH)
|
|
Batting: RHB Frank Shelton
|
0-0: Ball 1-0: Ball 2-0: Ground out 4-3 (Groundball, 4, EV 96.9 MPH)
|
|
Batting: RHB Joe Hewitt
|
0-0: SINGLE (Line Drive, 9S, EV 99.4 MPH)
|
|
Batting: RHB Mark Schultz
|
0-0: Ball 1-0: Ball Joe Hewitt is caught stealing 2nd base 2-4
|
| Bottom of the 5th over - 0 runs, 1 hit, 0 errors, 0 left on base; South Bend 4 - Lakewood 1 |
| TOP OF THE 6TH |
|
South Bend Cubs batting - Pitching for Lakewood BlueClaws : RHP Manny Cordova
|
|
Batting: RHB Armando Vilano
|
0-0: Fly out, F8 (Flyball, 8LD, EV 105.0 MPH)
|
|
Batting: RHB Brad Santanello
|
0-0: Foul Ball, location: 2F 0-1: Foul Ball, location: 2F 0-2: Ball 1-2: Fly out, F9 (Flyball, 89M, EV 71.9 MPH)
|
|
Batting: LHB Wing-tat Tai
|
0-0: Ball 1-0: Ball 2-0: Ball 3-0: Called Strike 3-1: Called Strike 3-2: Fly out, F9 (Flyball, 9, EV 81.9 MPH)
|
| Top of the 6th over - 0 runs, 0 hits, 0 errors, 0 left on base; South Bend 4 - Lakewood 1 |
| BOTTOM OF THE 6TH |
|
Lakewood BlueClaws batting - Pitching for South Bend Cubs : RHP Nicolai Volnov
|
|
Batting: RHB Mark Schultz
|
0-0: Foul Ball, location: 2F 0-1: Foul Ball, location: 2F 0-2: SINGLE (Line Drive, 9LS, EV 110.6 MPH)
|
|
Batting: RHB Victor Arroyo
|
0-0: Foul Ball, location: 2F 0-1: Foul Ball, location: 2F 0-2: Foul Ball, location: 2F 0-2: Grounds into double play, 5-4-3 (Groundball, 56, EV 88.1 MPH)
|
|
Batting: RHB Carlos Morejon
|
0-0: Ball 1-0: Ball 2-0: Foul Ball, location: 2F 2-1: Foul Ball, location: 2F 2-2: Ball 3-2: Foul Ball, location: 2F 3-2: SINGLE (Line Drive, 89S, EV 99.4 MPH)
|
|
Batting: LHB Alex Fernandez
|
0-0: Ball 1-0: Called Strike 1-1: Reached on error, E6 (Groundball, 6D, EV 78.1 MPH) Carlos Morejon to second
|
|
Batting: RHB Roberto Ruiz
|
0-0: Ball 1-0: Ball 2-0: Called Strike 2-1: Foul Ball, location: 2F 2-2: Strikes out looking
|
| Bottom of the 6th over - 0 runs, 2 hits, 1 error, 2 left on base; South Bend 4 - Lakewood 1 |
| TOP OF THE 7TH |
|
South Bend Cubs batting - Pitching for Lakewood BlueClaws : RHP Manny Cordova
|
|
Batting: SHB Benoît Morin
|
0-0: Ball 1-0: Ball 2-0: Foul Ball, location: 2F 2-1: Ball 3-1: Called Strike 3-2: Foul Ball, location: 2F 3-2: Foul Ball, location: 2F 3-2: Ground out 4-3 (Groundball, 4, EV 79.4 MPH)
|
|
Batting: RHB Leonardo Nava
|
0-0: Ball 1-0: Ground out 6-3 (Groundball, 6S, EV 83.8 MPH)
|
|
Batting: LHB Mark Huey
|
0-0: Called Strike 0-1: Foul Ball, location: 2F 0-2: Strikes out swinging
|
| Top of the 7th over - 0 runs, 0 hits, 0 errors, 0 left on base; South Bend 4 - Lakewood 1 |
| BOTTOM OF THE 7TH |
|
Lakewood BlueClaws batting - Pitching for South Bend Cubs : RHP Nicolai Volnov
|
|
Batting: RHB Pablo Lopez
|
0-0: Called Strike 0-1: Called Strike 0-2: Ball 1-2: Ball 2-2: Ball 3-2: Strikes out swinging
|
|
Batting: RHB Vaclav Been
|
0-0: Fly out, F8 (Line Drive, 8RM, EV 98.8 MPH)
|
|
Batting: RHB Frank Shelton
|
0-0: Ball 1-0: Called Strike 1-1: Called Strike 1-2: Strikes out swinging
|
| Bottom of the 7th over - 0 runs, 0 hits, 0 errors, 0 left on base; South Bend 4 - Lakewood 1 |
| TOP OF THE 8TH |
|
South Bend Cubs batting - Pitching for Lakewood BlueClaws : RHP Manny Cordova
|
|
Pitching: RHP Francisco Tejada
|
|
|
Batting: RHB Jose Balderrama
|
0-0: Foul Ball, location: 2F 0-1: Foul Ball, location: 2F 0-2: Foul Ball, location: 2F 0-2: Strikes out swinging
|
|
Batting: LHB Angel Oropeza
|
0-0: Reached on error, E2 (Popup, 2R, EV 95.0 MPH)
|
|
Batting: SHB Gabriel Cruz
|
0-0: Called Strike 0-1: Ball 1-1: DOUBLE (Line Drive, 89D, EV 106.9 MPH) Angel Oropeza to third Runner from 3rd tries for Home, throw by CF and OUT! 8-4-2
|
|
Batting: RHB Armando Vilano
|
0-0: Ball 1-0: Called Strike 1-1: Ball 2-1: Ground out 6-3 (Groundball, 6, EV 87.5 MPH)
|
| Top of the 8th over - 0 runs, 1 hit, 1 error, 1 left on base; South Bend 4 - Lakewood 1 |
| BOTTOM OF THE 8TH |
|
Lakewood BlueClaws batting - Pitching for South Bend Cubs : RHP Nicolai Volnov
|
|
Batting: RHB Joe Hewitt
|
0-0: Ball 1-0: Ball 2-0: Called Strike 2-1: Ball 3-1: Called Strike 3-2: Foul Ball, location: 2F 3-2: Foul Ball, location: 2F 3-2: Foul Ball, location: 2F 3-2: Base on Balls
|
|
Batting: RHB Mark Schultz
|
0-0: Ball 1-0: Swinging Strike 1-1: Grounds into double play, 1-6-3 (Groundball, 13S, EV 69.4 MPH)
|
|
Batting: RHB Victor Arroyo
|
0-0: Called Strike 0-1: Ball 1-1: Swinging Strike 1-2: Ball 2-2: Ball 3-2: Foul Ball, location: 2F 3-2: Foul Ball, location: 2F 3-2: Foul Ball, location: 2F 3-2: Foul Ball, location: 2F 3-2: Base on Balls
|
|
Pitching: RHP Jose Marrero
|
|
|
Batting: RHB Carlos Morejon
|
0-0: Ball 1-0: Called Strike 1-1: Called Strike 1-2: Foul Ball, location: 2F 1-2: Hit by Pitch Victor Arroyo to second
|
|
Batting: LHB Alex Fernandez
|
0-0: Ball 1-0: Ground out U3 (Groundball, 3, EV 81.2 MPH)
|
| Bottom of the 8th over - 0 runs, 0 hits, 0 errors, 2 left on base; South Bend 4 - Lakewood 1 |
| TOP OF THE 9TH |
|
South Bend Cubs batting - Pitching for Lakewood BlueClaws : RHP Francisco Tejada
|
|
Pitching: RHP Georgs Felitti
|
|
|
Batting: RHB Brad Santanello
|
0-0: Ball 1-0: Foul Ball, location: 2F 1-1: Called Strike 1-2: Ball 2-2: Foul Ball, location: 2F 2-2: Ball 3-2: Foul Ball, location: 2F 3-2: Strikes out swinging
|
|
Batting: LHB Wing-tat Tai
|
0-0: Ground out 6-3 (Groundball, 6, EV 100.0 MPH)
|
|
Batting: SHB Benoît Morin
|
0-0: Swinging Strike 0-1: Ball 1-1: Ball 2-1: Ball 3-1: Foul Ball, location: 2F 3-2: Base on Balls
|
|
Batting: RHB Leonardo Nava
|
0-0: Ball 1-0: Ball 2-0: Foul Ball, location: 2F 2-1: Foul Ball, location: 2F 2-2: Strikes out looking
|
| Top of the 9th over - 0 runs, 0 hits, 0 errors, 1 left on base; South Bend 4 - Lakewood 1 |
| BOTTOM OF THE 9TH |
|
Lakewood BlueClaws batting - Pitching for South Bend Cubs : RHP Jose Marrero
|
|
Batting: RHB Roberto Ruiz
|
0-0: Called Strike 0-1: Ball 1-1: Ball 2-1: Ball 3-1: Foul Ball, location: 2F 3-2: Base on Balls
|
|
Batting: RHB Pablo Lopez
|
0-0: Called Strike 0-1: Foul Ball, location: 2F 0-2: Foul Ball, location: 2F 0-2: Strikes out swinging
|
|
Batting: RHB Vaclav Been
|
0-0: Ball 1-0: Ball 2-0: DOUBLE (Flyball, 78D, EV 102.5 MPH) Roberto Ruiz to third
|
|
Pitching: LHP Alex Gandarilla
|
|
|
Batting: RHB Frank Shelton
|
0-0: Ball 1-0: Ball 2-0: Ball 3-0: Called Strike 3-1: Foul Ball, location: 2F 3-2: Base on Balls
|
|
Batting: RHB Joe Hewitt
|
0-0: Ball 1-0: Called Strike 1-1: Ball 2-1: Foul Ball, location: 2F 2-2: Foul Ball, location: 2F 2-2: Ball 3-2: Base on Balls Roberto Ruiz scores Vaclav Been to third Frank Shelton to second
|
|
Batting: RHB Mark Schultz
|
0-0: Ball 1-0: Swinging Strike 1-1: Ball 2-1: Foul Ball, location: 2F 2-2: Fly out, F9 (Flyball, 89M, EV 81.2 MPH)
|
|
Pitching: RHP Jake Newman
|
|
|
Batting: RHB Victor Arroyo
|
0-0: Called Strike 0-1: Foul Ball, location: 2F 0-2: Strikes out swinging
|
| Bottom of the 9th over - 1 run, 1 hit, 0 errors, 3 left on base; South Bend 4 - Lakewood 2 |
|